 Dungeon Crawl Stone Soup version 0.22-a0-772-gac08f70 (webtiles) character file.

11740 Mamutox the Cleaver (level 11, -6/119 HPs)
             Began as an Ogre Chaos Knight on July 17, 2018.
             Mangled by a death yak (18 damage)
             ... on level 3 of the Lair of Beasts.
             The game lasted 00:57:28 (20671 turns).

Mamutox the Cleaver (Ogre Chaos Knight)            Turns: 20671, Time: 00:57:29

Health: -6/119     AC:  6    Str: 30    XL:     11   Next: 82%
Magic:  11/11      EV: 13    Int: 13    God:    Xom [......]
Gold:   848        SH: 11    Dex: 11    Spells: 11/11 levels left

rFire    + . .     SeeInvis .   A - +4 hand axe
rCold    . . .     Gourm    .   z - +0 shield
rNeg     . . .     Faith    .   p - +1 robe of Hexkalom {rCorr Str+3}
rPois    .         Spirit   .   (helmet restricted)
rElec    .         Reflect  .   (no cloak)
rCorr    +         Harm     +   (gloves unavailable)
MR       +....                  (boots unavailable)
Stlth    ++........             V - amulet of harm
HPRegen  0.29/turn              y - ring of stealth
MPRegen  0.12/turn              e - ring of protection from fire

@: mighty, heavily drained
A: large, unfitting armour, hooves 2, repulsion field 1, molten scales 1, blurry
vision 1, mutation resistance 1, strong 2, tough skin 1, wild magic 2
a: Renounce Religion


You were on level 3 of the Lair of Beasts.
You worshipped Xom.
You were a very special plaything of Xom.
You were near starving.

You visited 2 branches of the dungeon, and saw 16 of its levels.

You collected 919 gold pieces.
You spent 71 gold pieces at shops.

Inventory:

Hand Weapons
 a - a +0 hand axe of chaos
 u - a +1 hand axe of chopping
 A - a +4 hand axe (weapon)
 C - a +4 halberd
 R - a +0 hand axe of freezing
Missiles
 r - 10 javelins (quivered)
 B - 2 throwing nets
 E - 3 steel javelins
 H - 2 curare-tipped needles
 O - 10 tomahawks
 U - a poisoned javelin
Armour
 b - a +2 robe
 p - the +1 robe of Hexkalom (worn) {rCorr Str+3}
   (Xom gifted it to you on level 4 of the Dungeon)

   It affects your strength (+3).
   It provides partial protection from all sources of acid and corrosion.
 z - a +0 shield (worn)
Jewellery
 e - a ring of protection from fire (right hand)
 m - an uncursed ring of magical power
 y - a ring of stealth (left hand)
 V - an amulet of harm (around neck)
Wands
 h - a wand of iceblast (13)
 i - a wand of acid (27)
 D - a wand of flame (83)
 I - a wand of paralysis (17)
 K - a wand of digging (13)
 L - a wand of disintegration (10)
 S - a wand of scattershot (5)
Scrolls
 d - a scroll of enchant armour
 f - 4 scrolls of blinking
 g - 10 scrolls of teleportation
 j - 5 scrolls of amnesia
 k - 4 scrolls of remove curse
 l - 4 scrolls of fear
 n - 5 scrolls of magic mapping {unknown}
 o - 2 scrolls of enchant weapon {unknown}
 x - 2 scrolls of fog {unknown}
 J - a scroll of brand weapon {unknown}
 M - 2 scrolls of random uselessness {unknown}
 P - a scroll of immolation
 T - a scroll of holy word {unknown}
Potions
 q - 5 potions of curing
 s - 3 potions of cancellation
 t - a potion of might
 v - a potion of brilliance
 w - 4 potions of resistance
 F - a potion of agility
 G - a potion of haste
Miscellaneous
 Q - a fan of gales
Comestibles
 c - 30 rations


   Skills:
 + Level 10.7(8.9) Fighting
 - Level 11.7(9.9) Axes
 - Level 3.4(1.9) Throwing
 - Level 7.1(5.4) Dodging
 - Level 0.7(0.0) Stealth
 * Level 8.2(6.5) Shields
 + Level 0.5(0.0) Spellcasting
 + Level 0.3(0.0) Evocations


You had 11 spell levels left.
You didn't know any spells.
Your spell library contained the following spells:

 Spells                   Type           Power        Failure   Level  Hunger
 Bolt of Magma            Conj/Fire/Erth #.........   100%        5    ######.
 Confuse                  Hex            #.......     92%         3    ####...
 Venom Bolt               Conj/Pois      #.........   100%        5    ######.
 Iron Shot                Conj/Erth      #.........   100%        6    #######
 Stone Arrow              Conj/Erth      #.....       92%         3    ####...
 Spider Form              Tmut/Pois      #.........   92%         3    ####...
 Blade Hands              Tmut           #.........   100%        5    ######.
 Statue Form              Tmut/Erth      #........    100%        6    #######
 Ice Form                 Ice/Tmut       #.......     100%        4    #####..
 Confusing Touch          Hex            #.....       63%         1    ##.....
 Passwall                 Tmut/Erth      #.......     77%         2    ###....
 Sticks to Snakes         Tmut           #.......     77%         2    ###....
 Metabolic Englaciation   Hex/Ice        #.........   100%        5    ######.
 Shatter                  Erth           #.........   100%        9    #######
 Lee's Rapid Deconstruct  Erth           #.........   100%        5    ######.
 Sandblast                Erth           #.....       63%         1    ##.....
 Petrify                  Tmut/Erth      #.......     100%        4    #####..
 Orb of Destruction       Conj           #.........   100%        7    #######
 Leda's Liquefaction      Hex/Erth       #.........   100%        4    #####..
 Beastly Appendage        Tmut           #.....       63%         1    ##.....
 Iskenderun's Battlesphe  Conj/Chrm      #.......     100%        5    ######.
 Spellforged Servitor     Conj/Summ      #.........   100%        7    #######
 Gell's Gravitas          Tloc           #.........   92%         3    ####...
 Yara's Violent Unravell  Hex/Tmut       #.........   100%        5    ######.


Dungeon Overview and Level Annotations

Branches:
Dungeon (12/15)            Temple (0/1) D:7            Lair (4/6) D:8
  Swamp: Lair:2-4    Shoals: Lair:2-4     Snake: Lair:2-4    Spider: Lair:2-4
    Orc: D:9-12

Altars:
Ashenzari
Elyvilon
Gozag
Hepliaklqana
Qazlal
Ru
Sif Muna
Trog
Vehumet
Xom
Yredelemnul
Zin
The Shining One

Shops:
D:9 ?

Annotations:
D:7 2 transporters
D:12 exclusion: oklob plant
Lair:1 Gastronok
Lair:2 Nergalle
Lair:3 1 runed door, Zafes's ghost, journeyman MiBe
Lair:4 Urug


Innate Abilities, Weirdness & Mutations

You are too large for most types of armour.
You have tough skin. (AC +1)
You have hoof-like feet.
You are surrounded by a mild repulsion field. (EV +2)
You are partially covered in molten scales. (AC +2)
Scrolls take you a little longer to read.
You are somewhat resistant to further mutation.
Your muscles are very strong. (Str +4)
Your spells are harder to cast, but more powerful.


Message History

There is a stone staircase leading up here.
You block the death yak's attack.
You climb upwards.
Level annotation: Nergalle The stone staircase leading down settles down.
There is a stone staircase leading down here.
The death yak closely misses you.
You climb downwards.
Level annotation: 1 runed door, Zafes's ghost, journeyman MiBe
There is a stone staircase leading up here.
Really read with blurry vision while enemies are nearby?
Okay, then.
You feel very mighty all of a sudden. The death yak gores you!!
* * * LOW HITPOINT WARNING * * *
You slash the death yak! You kick the death yak.
The death yak is lightly wounded.
The death yak gores you!
You die...
Xom bursts into laughter!

.###.........#
.#P...#......#####
..(............#.#
...P###.........#
....##..........# ####
.#######........###
#.Y. ## #..........#
## l .... #
##.........##.#
.....l... #
##......@Y..#
#..........
##[.......###
..........
#.#.P......## ..$.....
####P.......##.......
#....#...##.#.....
#####.....#.........##
##
#..#.#.............#.#
.###
#.................#.#
...#
#................####


You could see a death yak.

Vanquished Creatures
  2 two-headed ogres
  Pikel (D:5)
  3 spiny frogs
  A komodo dragon (Lair:2)
  A troll (D:11)
  A hippogriff (D:10)
  Sigmund (D:2)
  14 yaks
  A vampire (D:8)
  A wyvern (D:10)
  2 basilisks
  3 hungry ghosts
  4 water moccasins
  2 porcupines (Lair:1)
  4 orc warriors
  2 ice beasts
  A sky beast (D:7)
  A necrophage (D:7)
  6 wolves
  2 phantoms
  5 ogres
  4 centaurs
  A big kobold (D:9)
  9 bullfrogs
  3 killer bees (D:10)
  2 scorpions
  4 howler monkeys
  6 wights
  6 jellies
  6 crimson imps
  A centaur zombie (D:6)
  A bullfrog zombie (D:5)
  5 orc priests
  2 centaur skeletons (D:5)
  2 hounds
  3 orc wizards
  A bullfrog skeleton (D:6)
  Terence (D:2)
  2 iguanas
  5 worker ants
  A hound zombie (D:10)
  A worker ant zombie (D:9)
  12 adders
  A gnoll (shapeshifter) (D:4)
  A howler monkey skeleton (D:4)
  8 oozes (D:12)
  2 adder zombies
  2 adder skeletons
  4 worms
  2 dart slugs (D:2)
  11 leopard geckos
  52 orcs
  A ball python (D:5)
  A ball python (shapeshifter) (D:2)
  6 giant cockroaches
  5 goblins
  9 hobgoblins
  17 jackals
  4 quokkas
  7 bats
  9 frilled lizards
  5 kobolds
  A quokka skeleton (D:4)
  6 rats
290 creatures vanquished.

Vanquished Creatures (collateral kills)
  A yak (Lair:2)
1 creature vanquished.

Vanquished Creatures (others)
  A wolf (Lair:1)
  A bullfrog (D:2)
  A howler monkey (D:2)
  A worker ant (D:5)
  A goblin (D:2)
  A bush (D:11)
  3 fungi (D:12)
  2 plants
11 creatures vanquished.

Grand Total: 302 creatures vanquished

Notes
Turn   | Place    | Note
-------+----------+-------------------------------------------
     0 | D:1      | Mamutox the Ogre Chaos Knight began the quest for the Orb.
     0 | D:1      | Reached XP level 1. HP: 24/24 MP: 1/1
   160 | D:1      | XOM: potion effect (curing)
   204 | D:1      | Reached XP level 2. HP: 32/32 MP: 2/2
   309 | D:1      | Reached XP level 3. HP: 20/40 MP: 3/3
   487 | D:1      | XOM: 4-stop teleportation journey
   535 | D:1      | XOM: 5-stop teleportation journey
   543 | D:1      | XOM: summons 1 hostile shadow creature
   754 | D:1      | XOM: give mutations
   754 | D:1      | Gained mutation: Your body sometimes deteriorates upon taking damage. [Xom's mischief]
   754 | D:1      | Gained mutation: You expend magic power (3 MP) to strengthen your wands. [Xom's mischief]
   754 | D:1      | Gained mutation: Scrolls take you a little longer to read. [Xom's mischief]
   754 | D:1      | Lost mutation: Your body sometimes deteriorates upon taking damage. [Xom's mischief]
   762 | D:1      | XOM: mild Hex miscast
   766 | D:1      | XOM: medium Erth miscast
   908 | D:1      | XOM: silly message
   980 | D:2      | Noticed Terence
   986 | D:2      | XOM: scenery: create altars
   994 | D:2      | Killed Terence
   994 | D:2      | Reached skill level 4 in Axes
   994 | D:2      | Reached XP level 4. HP: 48/49 MP: 4/4
  1012 | D:2      | Found a radiant altar of Vehumet.
  1030 | D:2      | XOM: noise
  1307 | D:2      | Found a faded altar of an unknown god.
  1343 | D:2      | XOM: enchant monster (bad)
  1348 | D:2      | XOM: smoke on damage
  1693 | D:2      | XOM: harmless Necr miscast
  1781 | D:2      | Reached skill level 5 in Fighting
  1793 | D:2      | Noticed Sigmund
  1796 | D:2      | Noticed a bullfrog
  1803 | D:2      | HP: 2/50 [something (5)]
  1809 | D:2      | Reached XP level 5. HP: 3/57 MP: 5/5
  1809 | D:2      | XOM: destruction
  2250 | D:2      | XOM: chaos cloud
  2251 | D:2      | XOM: noise
  2696 | D:3      | Found an opulent altar of Gozag.
  2860 | D:2      | XOM: summons 2 hostile demons
  2884 | D:2      | XOM: chaos upgrade
  2894 | D:2      | XOM: cleaving
  2899 | D:2      | XOM: stat loss: -1 Dex (8/9)
  2906 | D:2      | Killed Sigmund
  2906 | D:2      | Reached skill level 5 in Axes
  2906 | D:2      | Reached XP level 6. HP: 19/67 MP: 6/6
  3233 | D:2      | XOM: draining
  3234 | D:2      | XOM: scenery: create altars
  3317 | D:2      | Found a basalt altar of Yredelemnul.
  3332 | D:2      | XOM: divination: detect items
  3484 | D:3      | XOM: silly message
  3800 | D:4      | XOM: potion effect (brilliance)
  3804 | D:4      | XOM: potion effect (invisibility)
  3821 | D:4      | XOM: potion effect (heal wounds)
  3827 | D:4      | XOM: fake destruction
  4086 | D:4      | Reached XP level 7. HP: 56/75 MP: 7/7
  4333 | D:4      | Found a hazy altar of Hepliaklqana.
  4397 | D:4      | Reached skill level 6 in Axes
  4726 | D:4      | XOM: god gift: scroll of fear
  5102 | D:4      | XOM: god gift: warped robe {god gift}
  5105 | D:4      | Got a warped robe {god gift}
  5116 | D:4      | Identified the +1 robe of Hexkalom {rCorr Str+3} (Xom gifted it to you on level 4 of the Dungeon)
  5121 | D:5      | Entered Level 5 of the Dungeon
  5298 | D:5      | XOM: god gift: arbalest {god gift}
  5303 | D:5      | XOM: cast spell 'Statue Form'
  5313 | D:5      | XOM: cast spell 'Disjunction'
  5323 | D:5      | XOM: cast spell 'Metabolic Englaciation'
  5368 | D:5      | Found a shattered altar of Ashenzari.
  5602 | D:5      | XOM: 3-stop teleportation journey
  5647 | D:5      | Noticed Pikel
  5659 | D:5      | XOM: fog
  5672 | D:5      | Killed Pikel
  5672 | D:5      | Reached skill level 7 in Axes
  5672 | D:5      | Reached XP level 8. HP: 68/88 MP: 8/8
  5792 | D:5      | XOM: give mutations
  5792 | D:5      | Gained mutation: You have sharp toenails. [Xom's grace]
  5792 | D:5      | Gained mutation: Your mind is acute. (Int +2) [Xom's grace]
  5792 | D:5      | Gained mutation: You are somewhat resistant to further mutation. [Xom's grace]
  5792 | D:5      | Gained mutation: You are robust. (+10% HP) [Xom's grace]
  5846 | D:5      | XOM: divination: detect creatures
  5866 | D:5      | XOM: give mutation
  5866 | D:5      | Gained mutation: Your spells are a little harder to cast, but a little more powerful. [Xom's grace]
  5984 | D:6      | XOM: scenery: create altars
  5990 | D:6      | Reached skill level 5 in Dodging
  6147 | D:6      | XOM: 1-stop teleportation journey
  6222 | D:6      | Reached skill level 8 in Axes
  6425 | D:6      | XOM: scenery: create altars
  6569 | D:6      | XOM: harmless Chrm miscast
  6622 | D:6      | XOM: 5-stop teleportation journey
  6635 | D:6      | Reached XP level 9. HP: 92/106 MP: 9/9
  6647 | D:6      | XOM: cloud trail
  6712 | D:6      | XOM: harmless Chrm miscast
  6886 | D:6      | XOM: divination: magic mapping
  7143 | D:7      | Noticed a centaur warrior
  7144 | D:7      | Found a glowing golden altar of the Shining One.
  7145 | D:7      | Noticed a komodo dragon
  7148 | D:7      | Found a transporter.
  7159 | D:7      | Noticed a troll
  7161 | D:7      | Found a transporter.
  7175 | D:7      | XOM: silly message
  7185 | D:7      | Reached skill level 1 in Throwing
  7369 | D:7      | Noticed an angel
  7371 | D:7      | Found a glowing silver altar of Zin.
  7567 | D:7      | XOM: god gift: potion of lignification
  7577 | D:7      | Found a staircase to the Ecumenical Temple.
  7726 | D:7      | Reached skill level 9 in Axes
  7853 | D:7      | XOM: potion effect (heal wounds)
  8110 | D:8      | Found a sacrificial altar of Ru.
  8207 | D:8      | XOM: severe Conj miscast
  8324 | D:8      | XOM: 2-stop teleportation journey
  8361 | D:8      | XOM: blink monster(s)
  8375 | D:8      | XOM: fog
  8756 | D:8      | Found a white marble altar of Elyvilon.
  9012 | D:8      | XOM: harmless Erth miscast
  9035 | D:8      | Found a staircase to the Lair.
  9071 | D:8      | Noticed a two-headed ogre
  9083 | D:8      | Killed a two-headed ogre
  9083 | D:8      | Reached skill level 10 in Fighting
  9083 | D:8      | Reached skill level 10 in Axes
  9083 | D:8      | Reached XP level 10. HP: 13/121 MP: 10/10
  9476 | D:8      | Found a stormy altar of Qazlal.
  9536 | D:8      | Noticed a moth of wrath
  9539 | D:8      | Found a bloodstained altar of Trog.
  9759 | D:8      | XOM: noise
  9912 | D:9      | Lost mutation: You are robust. (+10% HP) [potion of mutation]
  9912 | D:9      | Lost mutation: You have sharp toenails. [potion of mutation]
  9912 | D:9      | Lost mutation: Your mind is acute. (Int +2) [potion of mutation]
  9913 | D:9      | Lost mutation: Your spells are a little harder to cast, but a little more powerful. [potion of mutation]
  9913 | D:9      | Lost mutation: Scrolls take you a little longer to read. [potion of mutation]
  9913 | D:9      | Lost mutation: You are somewhat resistant to further mutation. [potion of mutation]
  9913 | D:9      | Gained mutation: You are frail. (-10% HP) [potion of mutation]
  9913 | D:9      | Gained mutation: You are very frail. (-20% HP) [potion of mutation]
  9913 | D:9      | Gained mutation: Your muscles are strong. (Str +2) [potion of mutation]
  9914 | D:9      | Lost mutation: Your muscles are strong. (Str +2) [potion of mutation]
  9914 | D:9      | Lost mutation: You are very frail. (-20% HP) [potion of mutation]
  9914 | D:9      | Lost mutation: You are frail. (-10% HP) [potion of mutation]
  9914 | D:9      | Lost mutation: You expend magic power (3 MP) to strengthen your wands. [potion of mutation]
  9914 | D:9      | Gained mutation: You are surrounded by a mild repulsion field. (EV +2) [potion of mutation]
  9914 | D:9      | Gained mutation: You have large cloven feet. [potion of mutation]
  9914 | D:9      | Gained mutation: You expend magic power (3 MP) to strengthen your wands. [potion of mutation]
  9991 | D:9      | XOM: swap monsters
 10040 | D:9      | XOM: smoke on damage
 10282 | D:8      | XOM: summons 3 hostile shadow creatures
 10374 | D:9      | Found a deep blue altar of Sif Muna.
 10447 | D:9      | Found Buotaci's Magic Scroll Shoppe.
 10469 | D:9      | Bought a scroll of immolation for 45 gold pieces
 10469 | D:9      | Bought a scroll of identify for 26 gold pieces
 10518 | D:9      | XOM: confusion
 10551 | D:9      | Reached skill level 1 in Shields
 11018 | D:9      | XOM: 1-stop teleportation journey
 11079 | D:9      | XOM: confusion
 11087 | D:9      | XOM: chaos upgrade
 11206 | D:9      | Paralysed by an ogre for 3 turns
 11766 | D:9      | XOM: harmless Tmut miscast
 11940 | D:10     | Entered Level 10 of the Dungeon
 12266 | D:10     | XOM: confusion (+ monsters)
 12702 | D:10     | XOM: fake destruction
 12709 | D:10     | XOM: harmless Fire miscast
 12717 | D:10     | XOM: enchant monster (good)
 12746 | D:10     | XOM: harmless Ice miscast
 12751 | D:10     | XOM: swap monsters
 12766 | D:10     | XOM: repel stairs
 13012 | D:10     | XOM is BORED!
 13012 | D:10     | XOM: medium Pois miscast
 13360 | D:10     | XOM: harmless Fire miscast
 13368 | D:10     | XOM: silly message
 13492 | D:10     | XOM: harmless Erth miscast
 13595 | D:10     | XOM: potion effect (invisibility)
 13597 | D:10     | XOM: potion effect (brilliance)
 13614 | D:10     | Reached skill level 11 in Axes
 13631 | D:10     | XOM: divination: detect items
 14020 | D:10     | XOM: cloud trail
 14429 | D:12     | Noticed a white ugly thing
 14430 | D:12     | XOM: 7-stop teleportation journey
 14472 | D:12     | XOM is BORED!
 14472 | D:12     | XOM: blink monster(s)
 14480 | D:12     | Reached skill level 5 in Shields
 14480 | D:12     | Reached XP level 11. HP: 51/119 MP: 11/11
 14490 | D:12     | XOM: summons friendly iron imp
 14498 | D:12     | XOM: scenery: create altars
 14593 | D:12     | XOM: scenery: create altars
 14636 | D:12     | XOM: god gift: 29 stones
 14910 | D:12     | Noticed an oklob plant
 14974 | D:12     | Noticed a two-headed ogre
 15321 | D:11     | XOM: give mutations
 15321 | D:11     | Gained mutation: Your spells are a little harder to cast, but a little more powerful. [Xom's mischief]
 15321 | D:11     | Gained mutation: Your magical capacity is low. (-10% MP) [Xom's mischief]
 15321 | D:11     | Lost mutation: You expend magic power (3 MP) to strengthen your wands. [Xom's mischief]
 15321 | D:11     | Gained mutation: You are frail. (-10% HP) [Xom's mischief]
 15340 | D:11     | Noticed a two-headed ogre
 15348 | D:11     | XOM: confuse monster(s)
 15361 | D:11     | Killed a two-headed ogre
 15695 | D:11     | XOM: fake destruction
 15720 | D:11     | XOM: scenery: create altars
 16131 | Lair:1   | Entered Level 1 of the Lair of Beasts
 16141 | Lair:1   | XOM: mild Tloc miscast
 16152 | Lair:1   | XOM: harmless Chrm miscast
 16210 | Lair:1   | XOM: divination: detect items
 16452 | Lair:1   | XOM: enchant monster (good)
 16463 | Lair:1   | XOM: divination: detect items
 16466 | Lair:1   | XOM: cast spell 'Summon Butterflies'
 16478 | Lair:1   | XOM: cast spell 'Olgreb's Toxic Radiance'
 16548 | Lair:1   | XOM: divination: detect items
 16654 | Lair:1   | XOM: god gift: wand of iceblast (8)
 16781 | Lair:1   | XOM: 7-stop teleportation journey
 16805 | Lair:1   | XOM: cast spell 'Summon Mana Viper'
 16828 | Lair:1   | HP: 5/107 [poisoned by a spiny frog]
 16834 | Lair:1   | HP: 4/107 [poisoned by a spiny frog]
 16840 | Lair:1   | HP: 3/107 [poisoned by a spiny frog]
 16840 | Lair:1   | XOM: enchant monster (good)
 16847 | D:8      | HP: 3/107 [poisoned by a spiny frog]
 17060 | D:8      | XOM is BORED!
 17060 | D:8      | XOM: medium Chrm miscast
 17234 | D:8      | XOM: smoke on damage
 17692 | D:8      | XOM: give mutations
 17692 | D:8      | Gained mutation: Your spells are harder to cast, but more powerful. [Xom's grace]
 17692 | D:8      | Gained mutation: Your mind is acute. (Int +2) [Xom's grace]
 17749 | Lair:1   | XOM: give mutations
 17749 | Lair:1   | Gained mutation: You are somewhat resistant to further mutation. [Xom's grace]
 17749 | Lair:1   | Gained mutation: Your muscles are strong. (Str +2) [Xom's grace]
 17749 | Lair:1   | Gained mutation: Your muscles are very strong. (Str +4) [Xom's grace]
 17876 | Lair:1   | XOM: divination: detect creatures
 17882 | Lair:1   | XOM: god gift: wand of acid (13)
 17994 | Lair:1   | XOM: god gift: 50 gold pieces
 18338 | Lair:1   | Noticed Gastronok
 18475 | Lair:2   | XOM: snakes to sticks
 18522 | Lair:2   | XOM: summons 3 friendly demons
 18805 | Lair:2   | XOM is BORED!
 18863 | Lair:2   | Noticed Nergalle
 19048 | Lair:2   | XOM: severe Tloc miscast
 19048 | Lair:2   | HP: 3/107 [something (21)]
 19177 | Lair:2   | XOM: give mutations
 19177 | Lair:2   | Lost mutation: Your mind is acute. (Int +2) [Xom's mischief]
 19177 | Lair:2   | Lost mutation: Your magical capacity is low. (-10% MP) [Xom's mischief]
 19177 | Lair:2   | Lost mutation: Your spells are harder to cast, but more powerful. [Xom's mischief]
 19342 | Lair:2   | XOM: polymorph yak -> spiny frog
 19348 | Lair:2   | XOM: enchant monster (bad)
 19384 | Lair:2   | Noticed a fire crab
 19384 | Lair:2   | a yak changed into a fire crab
 19384 | Lair:2   | XOM: polymorph yak -> fire crab
 19744 | Lair:3   | XOM: give mutations
 19744 | Lair:3   | Gained mutation: You are partially covered in molten scales. (AC +2) [Xom's grace]
 19744 | Lair:3   | Gained mutation: Your spells are harder to cast, but more powerful. [Xom's grace]
 19744 | Lair:3   | Gained mutation: You have hoof-like feet. [Xom's grace]
 19803 | Lair:3   | XOM: scenery: create altars
 19822 | Lair:3   | Found a runed door.
 19822 | Lair:3   | Noticed Zafes's ghost (journeyman MiBe)
 19841 | Lair:3   | XOM: divine lightning
 19845 | Lair:3   | XOM: divination: detect creatures
 19851 | Lair:3   | XOM: snakes to sticks
 19886 | Lair:3   | XOM: 4-stop teleportation journey
 19888 | Lair:3   | Noticed an eight-headed hydra
 19901 | Lair:3   | XOM: summons friendly crimson imp
 19905 | Lair:3   | XOM: 1-stop teleportation journey
 19932 | Lair:3   | Noticed a death yak
 19988 | Lair:3   | XOM: noise
 20016 | Lair:4   | Noticed Urug
 20033 | Lair:3   | XOM: medium Pois miscast
 20232 | Lair:2   | XOM: give mutations
 20232 | Lair:2   | Lost mutation: You are frail. (-10% HP) [Xom's mischief]
 20232 | Lair:2   | Gained mutation: Scrolls take you a little longer to read. [Xom's mischief]
 20588 | Lair:3   | Noticed a death yak
 20588 | Lair:3   | Noticed a death yak
 20593 | Lair:3   | XOM: draining
 20613 | Lair:3   | XOM: scenery: create altars
 20625 | Lair:3   | XOM: repel stairs
 20628 | Lair:3   | XOM: mild Fire miscast
 20630 | Lair:3   | XOM: noise
 20636 | Lair:3   | XOM: mild Summ miscast
 20656 | Lair:3   | XOM: confusion
 20660 | Lair:3   | XOM: smoke on damage
 20671 | Lair:3   | Mangled by a death yak

Vault maps used:
D:1:      dpeg_arrival_line_fractal
D:2:      lemuel_doored_altar, vehumet_crystals,
          chequers_ecumenical_altar_island, uniq_terence, uniq_sigmund
D:3:      corexii_shack_village, nicolae_overflow_crystal_walls, first_ration,
          serial_bayou_lagoon_b
D:4:      kennysheep_mini_moat, grunt_tough_drop
D:5:      ashenzari_altar_1, uniq_pikel
D:7:      gammafunk_temple_overflow_arena, zin_angel,
          minmay_temple_entry_poolview
D:8:      hangedman_ru_absence, kennysheep_little_box, tgw_trog,
          kennysheep_mini, lair_entry_dummy
D:9:      marbit_many_paths, serial_shops, shop_scrolls, special_room,
          blue_anna_alchemist
D:11:     cheibrodos_barr_body, minmay_hedge_maze
D:12:     lemuel_slime, orc_0_dummy, minivault_15,
          onia_ninara_dug_in_and_dangerous
Lair:1:   uniq_gastronok
Lair:2:   uniq_nergalle
Lair:3:   gammafunk_ghost_grave
Lair:4:   elwin_shoals_entry_rocks, nicolae_spider_entry_orb_guardian,
          grunt_megastairs_4, infiniplex_staircase_pool_2, uniq_josephine,
          uniq_urug

Skill      XL: |  1  2  3  4  5  6  7  8  9 10 11 |
---------------+----------------------------------+-----
Axes           | 4 5 7 8 10 11 | 11.7
Fighting       | 5 6 7 8 10 | 10.7
Dodging        | 3 4 5 6 7 |  7.1
Throwing       | 3 |  3.4
Shields        | 5 8 |  8.2
Stealth        | |  0.7
Spellcasting   | |  0.5
Evocations     | |  0.3

Action                   |  1- 3 |  4- 6 |  7- 9 | 10-12 || total
-------------------------+-------+-------+-------+-------++-------
Melee: Hand axe          |   107 |   207 |   287 |   597 ||  1198
       Mace              |       |       |    45 |       ||    45
       Kick              |       |       |    62 |   160 ||   222
  Use: Potion            |       |     4 |       |    14 ||    18
       Scroll            |       |     9 |     4 |     5 ||    18
 Stab: Paralysed         |     1 |       |       |       ||     1
       Invisible         |       |     3 |       |     6 ||     9
       Sleeping          |       |     1 |     8 |     7 ||    16
       Petrifying        |       |       |     1 |       ||     1
       Distracted        |       |       |     1 |       ||     1
       Confused          |       |       |       |     2 ||     2
  Eat: Chunk             |       |    10 |    17 |    30 ||    57
       Ration            |       |       |     1 |     3 ||     4
Armor: Robe              |    52 |    72 |    50 |    54 ||   228
       Skin              |       |     2 |    13 |    69 ||    84
Dodge: Dodged            |    64 |   125 |   141 |   255 ||   585
Block: Shield            |       |       |       |   163 ||   163

Table legend:
 A = Spawn XP
 B = Non-spawn XP
 C = Spawn XP percentage of total XP
 D = Spawn monster count
 E = Non-spawn monster count
 F = Spawn count percentage of total count
 G = Total turns spent on level
                    A         B        C        D         E        F      G
               +---------+---------+-------+---------+---------+-------+---------
         Total |       0 |   16772 |   0.0 |       0 |     294 |   0.0 | 20671
               +---------+---------+-------+---------+---------+-------+---------
           D:1 |       0 |      52 |   0.0 |       0 |      32 |   0.0 |  1179
           D:2 |       0 |     358 |   0.0 |       0 |      26 |   0.0 |  1420
           D:3 |       0 |      49 |   0.0 |       0 |      12 |   0.0 |  1315
           D:4 |       0 |     360 |   0.0 |       0 |      27 |   0.0 |  1391
           D:5 |       0 |     961 |   0.0 |       0 |       8 |   0.0 |   821
           D:6 |       0 |     659 |   0.0 |       0 |      17 |   0.0 |  1133
           D:7 |       0 |    1149 |   0.0 |       0 |      24 |   0.0 |  1040
           D:8 |       0 |    2465 |   0.0 |       0 |      27 |   0.0 |  3308
           D:9 |       0 |    1215 |   0.0 |       0 |      43 |   0.0 |  2077
          D:10 |       0 |    2196 |   0.0 |       0 |      23 |   0.0 |  1825
          D:11 |       0 |    1513 |   0.0 |       0 |       6 |   0.0 |   845
          D:12 |       0 |    1108 |   0.0 |       0 |      19 |   0.0 |   553
        Lair:1 |       0 |    1772 |   0.0 |       0 |      12 |   0.0 |  1612
        Lair:2 |       0 |    2074 |   0.0 |       0 |      10 |   0.0 |  1251
        Lair:3 |       0 |     841 |   0.0 |       0 |       8 |   0.0 |   899
               +---------+---------+-------+---------+---------+-------+---------
